 Dungeon Crawl Stone Soup version 0.24.1-14-gf8d2b509d9 (webtiles) character file.

Game seed: 2538807538407240017, levelgen mode: deterministic

133 Descartes the Magician (level 4, 0/46 HPs)
             Began as a Spriggan Wizard on May 24, 2020.
             Slain by a worker ant (5 damage)
             ... on level 4 of the Dungeon.
             The game lasted 00:06:19 (4120 turns).

Descartes the Magician (Spriggan Wizard)            Turns: 4120, Time: 00:06:19

Health: 0/46       AC: 22    Str:  8    XL:     4   Next: 93%
Magic:  11/11      EV:  4    Int: 20    God:
Gold:   96         SH:  0    Dex: 19    Spells: 3/12 levels left

rFire    . . .     SeeInvis +   k - +2 dagger (freeze)
rCold    . . .     Gourm    .   (shield restricted)
rNeg     + + +     Faith    .   (armour currently unavailable)
rPois    +         Spirit   .   (helmet currently unavailable)
rElec    .         Reflect  .   (cloak currently unavailable)
rCorr    .         Harm     .   (gloves unavailable)
MR       +....     NoTele   +   (boots unavailable)
Stlth    ..........             (no amulet)
HPRegen  0.15/turn              j - ring of flight
MPRegen  0.12/turn              u - ring of protection from magic

@: agile, berserking, lethally poisoned (0 -> -3), tree-form, very slightly
contaminated, hasted, heavily drained, invisible, very quick
A: very small, unfitting armour, see invisible, herbivore, slow metabolism 2
a: no special abilities


You were on level 4 of the Dungeon.
You were not hungry.
You were a tree.
You visited 1 branch of the dungeon, and saw 4 of its levels.

You collected 96 gold pieces.

Inventory:

Hand Weapons
 k - a +2 dagger of freezing (weapon)
Missiles
 h - 114 stones (quivered)
 i - 19 sling bullets
 r - 12 arrows
Armour
 a - a +0 robe (melded)
 b - a +0 hat (melded)
Jewellery
 j - a ring of flight (left branch)
 u - a ring of protection from magic (right branch)
Wands
 q - a wand of paralysis (7)
Scrolls
 c - 8 scrolls of remove curse {unknown}
 e - 3 scrolls of teleportation {unknown}
 f - 5 scrolls of identify {unknown}
 l - a scroll of blinking {unknown}
 o - 2 scrolls of immolation {unknown}
 s - a scroll of enchant weapon {unknown}
 v - a scroll of fear {unknown}
Potions
 m - a potion of haste
Comestibles
 d - 7 rations


   Skills:
 + Level 4.5(3.0) Dodging
 + Level 4.7(3.1) Stealth
 + Level 4.9(3.3) Spellcasting
 + Level 1.8(0.4) Conjurations
   Level 0.7(0.0) Summonings
 + Level 1.5(0.1) Translocations


You had 3 spell levels left.
You knew the following spells:

 Your Spells              Type           Power        Failure   Level  Hunger
a - Magic Dart            Conj           #...         12%         1    None
b - Blink                 Tloc           N/A          21%         2    ##.....
c - Conjure Flame         Conj/Fire      #.......     36%         3    ###....
d - Mephitic Cloud        Conj/Pois/Air  #.......     36%         3    ###....

Your spell library contained the following spells:

 Spells                   Type           Power        Failure   Level  Hunger
 Call Imp                 Summ           #.......     21%         2    ##.....
 Slow                     Hex            #.......     21%         2    ##.....


Dungeon Overview and Level Annotations

Branches:
Dungeon (4/15)
 Temple: D:4-7

Altars:
Fedhas
Vehumet


Innate Abilities, Weirdness & Mutations

You are very small and have problems with some larger weapons.
You are too small for most types of armour.
You have supernaturally acute eyesight. (SInv)
You are a herbivore.
((You cover ground extremely quickly.))
You need to consume almost no food.


Message History

* * * LOW HITPOINT WARNING * * *
* * * LOW HITPOINT WARNING * * *
You feel sick.
It was a potion of agility.
You feel agile all of a sudden.
It was a potion of lignification.
You turn into a tree.
Your +0 hat melds into your body.
Your +0 robe melds into your body.
Your roots penetrate the ground.
It was a potion of invisibility.
You fade into invisibility!
* * * LOW HITPOINT WARNING * * *
You feel sick.
You are very lightly contaminated with residual magic.
It was a potion of berserk rage.
A red film seems to cover your vision as you go berserk!
You feel yourself moving faster!
You feel mighty!
You hit the worker ant. You freeze the worker ant.
The worker ant is heavily wounded.
The worker ant bites you.
You die...

#.....<..#
#...)....#
#........#
#........#
.........##
...#####.#
##. #.# .
#a# #♣#
........#
#.#######


You could see a worker ant.

Vanquished Creatures
  2 gnolls (D:2)
  3 adders
  2 oozes
  2 dart slugs
  4 leopard geckos
  2 ball pythons (D:3)
  9 bats
  3 giant cockroaches
  8 goblins
  7 hobgoblins
  3 jackals (D:3)
  3 quokkas
  3 frilled lizards
  11 kobolds
  6 rats
68 creatures vanquished.

Notes
Turn   | Place    | Note
-------+----------+-------------------------------------------
     0 | D:1      | Descartes the Spriggan Wizard began the quest for the Orb.
     0 | D:1      | Reached XP level 1. HP: 9/9 MP: 6/6
   267 | D:1      | Reached XP level 2. HP: 13/13 MP: 6/8
   301 | D:1      | Reached skill level 1 in Conjurations
  1034 | D:2      | Reached XP level 3. HP: 16/16 MP: 1/9
  1999 | D:2      | Reached XP level 4. HP: 21/21 MP: 3/11
  2186 | D:2      | Found a blossoming altar of Fedhas.
  3838 | D:3      | Learned a level 2 spell: Blink
  3842 | D:3      | Learned a level 3 spell: Conjure Flame
  3846 | D:3      | Learned a level 3 spell: Mephitic Cloud
  3891 | D:3      | Found a radiant altar of Vehumet.
  4120 | D:4      | Slain by a worker ant

Levels and vault maps discovered:
D:1:      tarquinn_simple_flora_water_f, layout_loops_ring,
          wad_floor_pattern_untrapped, minmay_domino_4
D:2:      layout_basic, fedhas_altar_1, minmay_small_reverse_x
D:3:      layout_basic, old_standard_altar
D:4:      layout_basic, ashenzari_altar_1, lemuel_coloured_pillars_altar,
          xom_teletrap_fun, gammafunk_ghost_nasty_kobolds, uniq_sigmund

Skill      XL: |  1  2  3 |
---------------+----------+-----
Conjurations   | 1 |  1.8
Stealth        | 4 |  4.7
Dodging        | 4 |  4.5
Spellcasting   | |  4.9
Summonings     | |  0.7
Translocations | |  1.5

Action                   |  1- 3 |  4- 6 || total
-------------------------+-------+-------++-------
Melee: Short sword       |     1 |       ||     1
       Dagger            |       |     1 ||     1
 Cast: Magic Dart        |   113 |   117 ||   230
  Use: Potion            |       |     6 ||     6
Armor: Robe              |     5 |     1 ||     6
Dodge: Dodged            |    35 |    40 ||    75
